Map: Thunderbird LE

Players

Noiratuk

  • Race: Protoss Protoss
  • League: Diamond
  • Spawn Location: 5:00

PeLLy - Winner!

  • Race: Zerg Zerg
  • League: Diamond
  • Spawn Location: 11:00

VOD

Have the link to the VOD?

Description

Time

  • Played on: July 28, 2019, 4:34 p.m.
  • Length: 9:54
Show
View Real Time Build Order
Export as new Build Order

Noiratuk Protoss 

Build Orders: Oracle Opening 

Get SALT Encoding   

  12  0:00  Probe  
  13  0:13  Probe  
  14  0:20  Pylon  
  14  0:25  Probe  
  15  0:38  Probe  
  16  0:46  Gateway  
  16  0:47  Probe  
  16  0:54  Assimilator  
  16  0:55  Probe  
  18  1:04  Probe  
  19  1:34  Zealot  
  19  1:44  Cybernetics Core  
  20  2:11  Nexus  
  20  2:16  Probe  
  21  2:23  Pylon  
  21  2:32  Assimilator  
  21  2:44  Gateway  
  21  2:45  Adept  
  21  2:47  Warp Gate  
  21  2:48  Probe  
  24  3:01  Probe  
  25  3:13  Stargate, Probe  
  26  3:25  Probe  
  27  3:31  Probe  
  28  3:37  Probe  
  28  3:44  Probe  
  29  3:49  Probe  
  29  3:51  Oracle  
  29  3:52  Robotics Facility  
  30  3:56  Probe  
  30  4:01  Probe  
  35  4:08  Probe  
  36  4:13  Probe  
  37  4:20  Twilight Council, Probe  
  38  4:25  Probe  
  38  4:26  Pylon  
  39  4:32  Probe  
  39  4:34  Gateway  
  39  4:37  Probe  
  41  4:41  Observer  
  41  4:44  Probe  
  43  4:46  Gateway  
  43  4:49  Oracle, Probe  
  44  4:57  Probe  
  45  5:02  Probe  
  45  5:03  Assimilator  
  45  5:06  Assimilator  
  46  5:10  Probe  
  46  5:11  Stalker  
  46  5:14  Probe  
  50  5:22  Probe  
  50  5:26  Probe  
  52  5:34  Probe  
  52  5:35  Nexus  
  53  5:36  Pylon  
  53  5:38  Probe  
  54  5:50  Warp Prism  
  54  5:54  Probe x2  
  54  5:55  Pylon  
  56  6:00  Pylon  
  56  6:01  Templar Archives  
  56  6:04  Zealot  
  60  6:06  Probe x2  
  62  6:15  Adept x2  
  62  6:16  Adept  
  68  6:18  Probe  
  68  6:20  Probe  
  68  6:22  Shield Battery  
  70  6:36  Probe x2  
  71  6:47  Assimilator  
  71  6:48  Probe x2  
  71  6:49  Psionic Storm  
  71  6:53  Pylon  
  73  6:56  Pylon  
  73  6:58  Forge  
  73  7:00  Forge, Pylon, Probe x2  
  75  7:06  Pylon, Probe  
  76  7:12  Probe x2  
  78  7:18  Probe  
  78  7:19  High Templar  
  78  7:20  High Templar x3  
  87  7:24  Probe x2  
  87  7:27  Probe  
  87  7:28  Immortal  
  87  7:29  Protoss Ground Weapons Level 1  
  89  7:32  Probe x2  
  89  7:33  Assimilator  
  89  7:35  Probe  
  92  7:40  Probe x2  
  97  7:50  Gateway  
  99  7:51  Gateway, Probe x2  
  99  7:53  Gateway, Probe  
  100  8:00  High Templar x2  
  100  8:01  Zealot x2  
  100  8:03  Probe x2  
  100  8:05  Probe  
  111  8:26  Zealot x2  
  111  8:40  Zealot x2  
  115  8:42  Probe  
  115  8:47  Gateway  
  115  8:48  Zealot x4  
  122  8:49  Probe  
  122  8:53  Pylon  
  122  8:54  Pylon  
  125  8:55  Pylon  
  125  8:59  Pylon  
  125  9:00  Pylon  
  125  9:01  Pylon  
  125  9:02  Pylon  
  125  9:03  Pylon  
  125  9:05  Pylon x2  
  125  9:20  Zealot x7  
  93  9:42  Zealot x8  
Show
View Real Time Build Order
Export as new Build Order

PeLLy Zerg - Winner!

Build Orders: Pool First 

Get SALT Encoding   

  12  0:00  Drone  
  13  0:11  Drone  
  14  0:16  Drone, Extractor  
  15  0:29  Overlord  
  15  0:40  Spawning Pool  
  14  1:06  Drone  
  14  1:09  Drone  
  16  1:11  Hatchery  
  16  1:14  Drone  
  16  1:19  Drone  
  17  1:29  Zergling x2  
  18  1:48  Hatchery  
  17  2:04  Drone x3  
  20  2:12  Queen  
  22  2:24  Overlord  
  22  2:33  Hatchery  
  21  2:42  Drone  
  21  2:43  Drone  
  23  2:49  Extractor  
  22  2:54  Drone  
  23  3:12  Spore Crawler  
  22  3:18  Drone x2, Queen  
  26  3:24  Drone  
  26  3:25  Drone x5  
  32  3:29  Drone  
  33  3:37  Drone x2  
  35  3:53  Queen  
  35  3:55  Queen  
  39  4:00  Queen  
  39  4:01  Overlord x2  
  41  4:11  Drone  
  41  4:12  Overlord x2  
  42  4:26  Drone x10  
  52  4:32  Extractor  
  52  4:33  Extractor, Lair  
  52  4:37  Extractor  
  48  4:57  Spore Crawler  
  48  4:59  Spore Crawler  
  46  5:05  Drone x12  
  58  5:17  Drone x5  
  63  5:22  Zergling x2  
  64  5:35  Baneling Nest  
  63  5:45  Extractor x2  
  61  6:03  Zergling x4  
  61  6:04  Zergling x22  
  74  6:06  Metabolic Boost  
  74  6:07  Overlord x2  
  74  6:08  Overlord x2  
  74  6:12  Hydralisk Den  
  74  6:14  Spore Crawler  
  74  6:15  Drone  
  73  6:36  Evolution Chamber  
  72  6:40  Evolution Chamber  
  71  6:54  Drone  
  71  6:55  Drone x2  
  71  6:58  Drone  
  71  7:00  Drone  
  76  7:02  Drone  
  76  7:03  Drone x5  
  76  7:05  Hydralisk x10  
  76  7:06  Hydralisk  
  104  7:13  Grooved Spines  
  104  7:18  Centrifical Hooks  
  104  7:21  Baneling  
  104  7:22  Baneling x11  
  104  7:24  Overseer  
  104  7:26  Overseer  
  104  7:40  Drone  
  104  7:41  Drone  
  106  7:47  Overlord x4  
  105  8:10  Hydralisk x9  
  105  8:11  Hydralisk x5  
  132  8:24  Muscular Augments  
  104  8:43  Zergling x22  
  115  8:52  Hydralisk x5  
  125  8:56  Zergling x2  
  125  8:57  Zergling x2  
  117  9:36  Zergling x30  
Tags
 
Add a new tag
Caveats
  • Supply blocks, unpowered buildings, or Contaminate may cause inaccurate times.
  • Supply counts are checked every 10 seconds.